 Dungeon Crawl Stone Soup version 0.19.3-1-g3169bf9 (webtiles) character file.

1961 nono the Nimble (level 9, -2/54 HPs)
             Began as a Halfling Assassin on Jan 25, 2017.
             Killed by divine providence
             ... invoked by an orc priest
              (12 damage)
             ... on level 5 of the Dungeon.
             The game lasted 00:18:15 (5595 turns).

nono the Nimble (Halfling Assassin)                 Turns: 5595, Time: 00:18:16

Health: -2/54      AC: 10    Str: 15    XL:     9   Next: 42%
Magic:  9/9        EV: 20    Int: 13    God:
Gold:   192        SH:  0    Dex: 16    Spells: 0 memorised, 8 levels left

rFire  + . .     SeeInvis .     a - +2 dagger
rCold  . . .     Gourm    .     t - +0 scale mail
rNeg   . . .     Faith    .     (shield restricted)
rPois  .         Spirit   .     (no helmet)
rElec  .         Reflect  .     d - +0 cloak
rCorr  .         Harm     .     (no gloves)
MR     .....                    (no boots)
Stlth  ++........               (no amulet)
                                s - ring of protection from fire (curse)
                                p - +4 ring of intelligence

@: no status effects
A: mutation resistance 1
a: no special abilities


You were on level 5 of the Dungeon.
You were hungry.

You visited 1 branch of the dungeon, and saw 5 of its levels.

You collected 192 gold pieces.

Inventory:

Hand Weapons
 a - a +2 dagger (weapon)
 b - a +0 blowgun
 f - a +0 falchion
 E - a +4 dagger of flaming
Missiles
 e - 14 poisoned needles
 r - a curare-tipped needle
Armour
 c - a +0 robe
 d - a +0 cloak (worn)
 t - a +0 scale mail (worn)
Jewellery
 p - a +4 ring of intelligence (left hand)
 s - a cursed ring of protection from fire (right hand)
 w - a +3 amulet of reflection {unknown}
Wands
 v - a wand of paralysis (1/24)
 y - a wand of digging (9/24)
Scrolls
 i - 7 scrolls of identify {unknown}
 j - a scroll of immolation {unknown}
 q - 3 scrolls of remove curse {unknown}
 u - a scroll of blinking {unknown}
 x - 2 scrolls of enchant armour {unknown}
 z - a scroll of teleportation {unknown}
Potions
 k - 2 potions of flight
 m - 2 potions of lignification
 o - 2 potions of mutation {unknown}
 A - a potion of might {unknown}
 B - 2 potions of invisibility {unknown}
 D - a potion of magic {unknown}
Comestibles
 g - 3 bread rations
 h - 10 fruits
 l - a slice of pizza
 n - 4 meat rations
 C - 5 chunks of flesh


   Skills:
 - Level 1.7 Fighting
 - Level 2.4 Short Blades
 - Level 2.0 Throwing
 + Level 11.3 Armour
 + Level 11.8 Dodging
 - Level 5.3 Stealth


You had 8 spell levels left.
You didn't know any spells.

Dungeon Overview and Level Annotations

Branches:
Dungeon (5/15)
 Temple: D:4-7

Altars:


Innate Abilities, Weirdness & Mutations

You are small and have problems with some larger weapons.
You are somewhat resistant to further mutation.


Message History

Okay, then.
Are you sure you want to abandon this character and quit the game? (Confirm with "yes".)
Okay, then.
Unknown command.
Evoke which item? (* to show all) (? for menu, Esc to quit)
Okay, then.
The bullfrog misses you. The bullfrog misses you.
The bullfrog completely misses you.
Items here: ) [[ รท a robe; an enchanted dagger; a robe; an orc skeleton The bullfrog closely misses you.
The bullfrog completely misses you. The bullfrog misses you.
The bullfrog completely misses you.
The bullfrog swells and bulges.
The bullfrog misses you.
The orc priest calls down the wrath of Beogh upon you.
Beogh smites you!
You die...

#.......# #.# #....#
#.......# #.####
###....##
#.......####....#
.##.....o.
#.......'.......###.
#...o.##
#.......#####...#..
#o##### ######'##
#.....#.# #.#
###.#######.##.####o#
#....)....#....#)o..#
#
#.#.#####@###..#[####
# #.#.....#.F....#o#
# #.#####.#....o.#.#
# #.#####.#......#.#
.. #.....#.##...#.o(#
## #.......##...#####
+< ##....####...# ##
#....# ##### #....#


You could see a bullfrog, an orc priest and an orc.

Vanquished Creatures
  Edmund (D:4)
  An orc warrior (D:4)
  An ogre (D:4)
  3 scorpions (D:4)
  A howler monkey (D:4)
  2 hounds (D:4)
  A gnoll shaman (D:3)
  3 orc wizards (D:5)
  Natasha (thrice) (D:3)
  5 worker ants
  A hound skeleton (D:4)
  8 gnolls
  5 adders
  3 oozes
  An adder skeleton (D:4)
  A worm (D:2)
  8 dart slugs
  4 leopard geckos
  11 orcs
  5 bats
  4 giant cockroaches
  9 hobgoblins
  9 jackals
  7 kobolds
  2 quokkas
  2 frilled lizards
  11 goblins
  4 rats
116 creatures vanquished.

Notes
Turn   | Place    | Note
-------+----------+-------------------------------------------
     0 | D:1      | nono the Halfling Assassin began the quest for the Orb.
     0 | D:1      | Reached XP level 1. HP: 14/14 MP: 1/1
   141 | D:1      | Reached XP level 2. HP: 19/19 MP: 2/2
   458 | D:1      | Reached XP level 3. HP: 24/24 MP: 3/3
  1150 | D:2      | Reached skill level 5 in Stealth
  1212 | D:2      | Reached XP level 4. HP: 29/29 MP: 4/4
  1795 | D:3      | Noticed Natasha
  1977 | D:3      | Killed Natasha
  1977 | D:3      | Reached skill level 1 in Armour
  1977 | D:3      | Reached XP level 5. HP: 16/34 MP: 5/5
  2155 | D:3      | Noticed Natasha
  2167 | D:3      | Killed Natasha
  2542 | D:3      | Noticed Natasha
  2557 | D:3      | Killed Natasha
  2901 | D:3      | Reached XP level 6. HP: 32/39 MP: 6/6
  3290 | D:4      | Noticed an orc warrior
  3317 | D:4      | Reached skill level 5 in Dodging
  3366 | D:4      | Killed an orc warrior
  3366 | D:4      | Reached XP level 7. HP: 21/44 MP: 7/7
  3946 | D:5      | Entered Level 5 of the Dungeon
  4417 | D:4      | Noticed Edmund
  4462 | D:4      | Killed Edmund
  4462 | D:4      | Reached skill level 5 in Armour
  4633 | D:4      | Reached XP level 8. HP: 44/49 MP: 8/8
  4809 | D:4      | Reached XP level 9. HP: 42/54 MP: 9/9
  5595 | D:5      | Killed from afar by an orc priest

Skill      XL: |  1  2  3  4  5  6  7  8 |
---------------+-------------------------+-----
Dodging        | 2 3 4 5 6 11 | 11.8
Stealth        | 5 |  5.3
Armour         | 1 2 3 5 11 | 11.3
Fighting       | |  1.7
Short Blades   | |  2.4
Throwing       | |  2.0

Action                   |  1- 3 |  4- 6 |  7- 9 || total
-------------------------+-------+-------+-------++-------
Melee: Dagger            |   119 |   263 |   302 ||   684
       Falchion          |     1 |       |       ||     1
 Fire: Blowgun           |     7 |    11 |    43 ||    61
Evoke: Wand              |       |     1 |       ||     1
  Use: Potion            |       |     3 |     2 ||     5
 Stab: Sleeping          |     3 |     2 |     1 ||     6
       Paralysed         |       |     1 |       ||     1
  Eat: Chunk             |     1 |     7 |     7 ||    15
Armor: Robe              |    20 |       |       ||    20
       Scale mail        |     7 |    81 |    81 ||   169
       Skin              |       |    15 |       ||    15
Dodge: Dodged            |    77 |   169 |   318 ||   564
       Rpst.: Falchion   |     1 |       |       ||     1
